[Event "Late-Titled-Tuesday-Blitz-August-29-2023"]
[Site "Chess.com"]
[Date "2023.08.29"]
[Round "1"]
[White "Rinqed222"]
[Black "rdarruda"]
[Result "1/2-1/2"]
[WhiteElo "2254"]
[BlackElo "2556"]
[TimeControl "180+1"]
[EndTime "14:07:41 PDT"]
[Termination "Game drawn by repetition"]

1. e4 c5 2. Nc3 Nc6 3. Bb5 e6 4. Bxc6 bxc6 5. d3 f6 6. f4 d5 7. Nf3 Bd6 8. O-O Ne7 9. e5 Bc7 10. Qe2 O-O 11. b3 f5 12. Ba3 Bb6 13. Kh1 Ng6 14. g3 Qe7 15. Na4 Ba6 16. c4 Rfd8 17.
d4 dxc4 18. bxc4 Qe8 19. Nxc5 Bxc5 20. Bxc5 Rab8 21. Rab1 Qd7 22. Qc2 Rb7 23. Qa4 Rdb8 24. Rb3 Rxb3 25. axb3 Qb7 26. Ra1 Qxb3 27. Qxb3 Rxb3 28.
Rxa6 Rxf3 29. Rxc6 a5 30. Rxe6 Rc3 31. Ra6 Rxc4 32. Rxa5 Rc2 33. d5 h5 34. e6 h4 35. e7 Kf7 36. Ra8 Nxe7 37. Ra7 Rxc5 38. d6 h3 39. Rxe7+ Kf6 40. Re1 Rd5 41. Kg1 Rxd6 42.
Kf2 Rd2+ 43. Re2 Rd1 44. Ra2 Rh1 45. Kf3 Ke6 46. Re2+ Kd6 47. g4 g6 48. gxf5 gxf5 49. Kg3 Rf1 50. Rf2 Rg1+ 51. Kxh3 Kd5 52. Rg2 Rf1 53. Kg3 Ke4 54. Re2+ Kd3 55. Re5 Rg1+ 56. Kf2 Rh1 57. Kg2 Ra1 58. Rxf5 Ke4 59. Rf8 Ra2+ 60. Kg3 Ra3+ 61. Kg4 Ra1 62. Re8+ Kd5 63. f5 Rg1+ 64. Kf4 Rf1+ 65. Kg5 Rh1 66. h4 Rg1+ 67. Kh5 Rf1 68. Kg6 Rg1+ 69. Kf7 Rh1 70. Rh8 Ke5 71. f6 Rf1 72.
Rh6 Kd6 73. Kg7 Ke6 74. f7+ Ke7 75. Ra6 Rg1+ 76. Kh6 Kxf7 77. Ra7+ Kf6 78. Ra6+ Kf5 79. Ra5+ Kf6 80. Ra6+ Kf5 81. Ra5+ Kf6 82. Ra6+ 1/2-1/2

[Event "Late-Titled-Tuesday-Blitz-August-29-2023"]
[Site "Chess.com"]
[Date "2023.08.29"]
[Round "1"]
[White "ameetghasi100"]
[Black "jcreyes69"]
[Result "1-0"]
[WhiteElo "2675"]
[BlackElo "2368"]
[TimeControl "180+1"]
[EndTime "14:07:42 PDT"]
[Termination "ameetghasi100 won by checkmate"]

1. g3 d5 2. Bg2 Nf6 3. d3 g6 4. Nf3 Bg7 5. O-O Nbd7 6. c3 e5 7. Nbd2 O-O 8. e4 c6 9. Qc2 Qc7 10. b3 b6 11. Bb2 Bb7 12. a3 Rad8 13. b4 Rfe8 14. Rfe1 c5 15. Rac1 Qb8 16. h3 Rc8 17. Qb1 c4 18. exd5 cxd3 19. c4 b5 20. Qxd3 bxc4 21.
Rxc4 Rxc4 22. Qxc4 Bxd5 23. Qc2 Qb7 24. Nh4 Bxg2 25. Nxg2 Nd5 26. Ne4 Re6 27. Qb3 a5 28. Rd1 N7f6 29. Nc5 Qc6 30. Nxe6 Qxe6 31. bxa5 h6 32.
a6 Qxa6 33. Rxd5 Nxd5 34. Qxd5 Qb6 35. Qd2 Kh7 36. Ne3 f5 37. Nd5 Qb3 38. Nb4 Qf3 39. Qd3 Qh5 40. h4 Qg4 41. Kg2 f4 42. Qe4 f3+ 43. Qxf3 Qxf3+ 44. Kxf3 e4+ 45. Kxe4 Bxb2 46.
a4 Bc3 47. Nc6 g5 48. h5 Kg7 49. a5 Kf7 50. a6 Be1 51. a7 Bxf2 52. a8=Q Bxg3 53.
Qc8 Kf6 54. Qf5+ Kg7 55. Qg6+ Kf8 56. Qh7 Bd6 57. Kf5 g4 58. Ke6 Ke8 59. Qf7# 1-0

[Event "Late-Titled-Tuesday-Blitz-August-29-2023"]
[Site "Chess.com"]
[Date "2023.08.29"]
[Round "1"]
[White "KorolDimitriy75"]
[Black "Dhaydon19"]
[Result "1-0"]
[WhiteElo "2375"]
[BlackElo "2643"]
[TimeControl "180+1"]
[EndTime "14:07:43 PDT"]
[Termination "KorolDimitriy75 won by checkmate"]

1. d4 Nf6 2. c4 b6 3. Nc3 Bb7 4. Qc2 c5 5. d5 d6 6. Nf3 g6 7.
e4 Bg7 8. h3 O-O 9. Bd3 Re8 10.
O-O e6 11. Re1 Nbd7 12. Bf4 Bf8 13. Rab1 a6 14. b4 cxb4 15. Rxb4 exd5 16. cxd5 Rc8 17. Qd2 b5 18. a4 Ne5 19. Be2 Qa5 20. Reb1 Qc7 21.
R4b3 Nc4 22. Bxc4 Qxc4 23. axb5 Nxe4 24. Nxe4 Qxe4 25. bxa6 Bxa6 26. Rb4 Qf5 27. Bg3 Rc2 28. Qf4 Qxd5 29. Rb6 Bc8 30. Kh2 Rce2 31. R6b5 Qe4 32. Qf6 Qe7 33. Qf4 Be6 34. Rb7 Qd8 35. Ng5 Be7 36.
Nxe6 Rxe6 37. R1b4 Bf6 38. R4b6 d5 39. Rb8 Qe7 40. Rxe8+ Qxe8 41. Rb8 Kg7 42. Rxe8 Rxe8 43. h4 Rd8 44. h5 d4 45. h6+ Kg8 46. Qxf6 Rd6 47.
Qg7# 1-0

[Event "Late-Titled-Tuesday-Blitz-August-29-2023"]
[Site "Chess.com"]
[Date "2023.08.29"]
[Round "1"]
[White "Levanzovsky"]
[Black "psychokiller48"]
[Result "0-1"]
[WhiteElo "2390"]
[BlackElo "2690"]
[TimeControl "180+1"]
[EndTime "14:07:45 PDT"]
[Termination "psychokiller48 won by checkmate"]

1. e4 e5 2. Nf3 Nc6 3. Bb5 a6 4. Ba4 Nf6 5. O-O Be7 6. Re1 b5 7. Bb3 O-O 8. a4 Rb8 9. axb5 axb5 10. d3 d6 11. h3 h6 12. Nc3 Re8 13. Nd5 Bf8 14. c3 Be6 15. Ra6 Bxd5 16. exd5 Ne7 17. d4 e4 18. Nd2 Nexd5 19. Bxd5 Nxd5 20. Nxe4 Re6 21. Qh5 Nb6 22. Re2 Qd7 23. Ng3 g6 24. Qg4 Rbe8 25. Rxb6 cxb6 26. d5 Rxe2 27. Qxd7 Re1+ 28.
Kh2 R8e7 29. Qxb5 Rxc1 30. Qxb6 Ree1 31. Qb8 h5 32. h4 Kg7 33. f3 Be7 34. Qb4 Bf6 35.
Qxd6 Be5 36. Qxe5+ Rxe5 37. d6 Rd1 38. Ne4 f5 39.
Ng5 Rxd6 40. Kg3 Rb5 41. Kf4 Rxb2 42. c4 Rb4 43. Kg3 Rxc4 44. f4 Rd3+ 45. Kh2 Re3 46. g3 Rc2+ 47. Kh3 Ree2 48. Nf3 Kf6 49. g4 fxg4+ 50. Kg3 Rg2# 0-1

[Event "Late-Titled-Tuesday-Blitz-August-29-2023"]
[Site "Chess.com"]
[Date "2023.08.29"]
[Round "1"]
[White "Incognito_Knight"]
[Black "GiorgianBarbosa"]
[Result "1-0"]
[WhiteElo "2773"]
[BlackElo "2434"]
[TimeControl "180+1"]
[EndTime "14:07:49 PDT"]
[Termination "Incognito_Knight won on time"]

1. b3 Nf6 2. Bb2 g6 3. Nf3 Bg7 4. g3 O-O 5. Bg2 d5 6. c4 c5 7. cxd5 Qxd5 8. O-O Nc6 9. Nc3 Qd6 10. Rc1 b6 11. d4 cxd4 12. Nb5 Qd7 13.
Rxc6 Qxc6 14. Nfxd4 Qc5 15. Bxa8 Ba6 16. Bc6 Bxb5 17.
Bxb5 e5 18. b4 Qd5 19. Bc6 Qxa2 20. Qb3 Qa6 21. b5 Qc8 22. Nf3 Qh3 23. Nxe5 Qh5 24. Bf3 Qf5 25. Rd1 h5 26. Nc6 Kh7 27. Qd3 Qc5 28. Nxa7 h4 29. Nc6 h3 30. Ba3 Qg5 31. Bxf8 Bxf8 32. Qe3 Qf5 33. Qf4 Qxf4 34. gxf4 Bc5 35. e3 Kg7 36. Ne5 Ng8 37. Nd7 Be7 38. Nxb6 Nh6 39. Nd5 1-0

[Event "Late-Titled-Tuesday-Blitz-August-29-2023"]
[Site "Chess.com"]
[Date "2023.08.29"]
[Round "1"]
[White "enriquetejedor"]
[Black "dodoucb"]
[Result "0-1"]
[WhiteElo "2688"]
[BlackElo "2431"]
[TimeControl "180+1"]
[EndTime "14:07:50 PDT"]
[Termination "dodoucb won on time"]

1. e4 c6 2. Nc3 d5 3. d4 dxe4 4. Nxe4 Bf5 5. Ng3 Bg6 6. Nf3 Nd7 7. Bd3 Ngf6 8. O-O e6 9. b3 Qc7 10. Bb2 Be7 11. c4 Rd8 12. Qc2 O-O 13. Rad1 Rfe8 14.
Rfe1 a5 15. Bc3 Bb4 16. Bxg6 hxg6 17. Qd2 Qb6 18. Qb2 Bxc3 19. Qxc3 Qb4 20. Qc2 c5 21. Rd2 cxd4 22. Rxd4 Nc5 23. Red1 Rxd4 24. Rxd4 e5 25. Rd1 e4 26. Nd4 e3 27. fxe3 Rxe3 28. Nf3 Ne6 29. Qd2 Qxd2 30. Rxd2 Rc3 31. h3 g5 32. Ne2 Re3 33. Ned4 Ne4 34. Rd1 Nf4 35. Kh2 Kh7 36. Rg1 Kg6 37. Rd1 f6 38. Rg1 Ne2 39.
Nxe2 Rxe2 40. a3 f5 41. b4 g4 42. hxg4 fxg4 43. Ne5+ Kf5 44. Nd3 Re3 45. Rf1+ Kg5 46. Nf4 g3+ 47. Kg1 Kg4 0-1

[Event "Late-Titled-Tuesday-Blitz-August-29-2023"]
[Site "Chess.com"]
[Date "2023.08.29"]
[Round "1"]
[White "CrushingKings"]
[Black "KejJaj"]
[Result "1-0"]
[WhiteElo "2557"]
[BlackElo "2205"]
[TimeControl "180+1"]
[EndTime "14:07:50 PDT"]
[Termination "CrushingKings won by resignation"]

1. d4 f5 2. c4 Nf6 3. Nf3 e6 4. g3 d5 5. Bg2 c6 6. O-O Bd6 7. Nc3 Qe7 8. b3 O-O 9. Bb2 Nbd7 10.
Ne1 Ne4 11. Nd3 b6 12. Qc1 Bb7 13. f3 Nxc3 14. Qxc3 Nf6 15. c5 bxc5 16. Nxc5 Bxc5 17. Qxc5 Qxc5 18. dxc5 Ba6 19. Kf2 Nd7 20. Rfd1 Rab8 21. Rac1 e5 22. f4 Rfe8 23. e3 Rb5 24. Bf1 Ra5 25.
Bxa6 Rxa2 26. Be2 Rxb2 27. Ra1 Ra8 28. Rdc1 d4 29. exd4 exd4 30. Kf3 Rxb3+ 31. Kf2 a5 32. Bc4+ Kf8 33. Bxb3 Nf6 34. Ba4 Ne4+ 35. Ke2 Nc3+ 36. Rxc3 dxc3 37. Kd3 Rc8 38. Kxc3 Ke7 39. Kc4 Kf6 40.
Rd1 Ke7 41. Rd6 Rb8 42. Bxc6 Rb4+ 43. Kd5 a4 44. Rd7+ Kf6 45. Ra7 g5 46. fxg5+ Kxg5 47.
Bxa4 h5 48. c6 Rb2 49. c7 Rd2+ 50. Kc5 Rd7 51. Bxd7 f4 52. gxf4+ Kxf4 53. c8=Q 1-0

[Event "Late-Titled-Tuesday-Blitz-August-29-2023"]
[Site "Chess.com"]
[Date "2023.08.29"]
[Round "1"]
[White "XiaoKangZhong"]
[Black "Francisco_Ferrari"]
[Result "1-0"]
[WhiteElo "2550"]
[BlackElo "2165"]
[TimeControl "180+1"]
[EndTime "14:07:50 PDT"]
[Termination "XiaoKangZhong won by checkmate"]

1. e4 e6 2. d4 d6 3. Nc3 Nd7 4. g3 g6 5. Bg2 Bg7 6. Nge2 Ne7 7. O-O b6 8. a4 a6 9. Be3 Bb7 10. Qd2 h6 11. f4 f5 12. d5 exd5 13. exd5 Nf6 14. Nd4 O-O 15. Ne6 Qd7 16. Nxf8 Rxf8 17. Rad1 b5 18. axb5 axb5 19. b4 Re8 20. Bd4 c6 21.
dxc6 Bxc6 22. Bxc6 Nxc6 23. Bxf6 Bxf6 24. Qxd6 Qa7+ 25.
Kh1 Bxc3 26. Qxc6 Qa8 27. Qxa8 Rxa8 28. Rd5 Bxb4 29. Rxb5 Bc3 30. Rb6 Ra2 31. Rc6 Rxc2 32. Rf3 Rc1+ 33. Kg2 Bd2 34. Rxc1 Bxc1 35. Rc3 Bb2 36. Rc6 Bg7 37. Rxg6 Kf7 38. Rc6 Bf6 39. Kf3 h5 40. Rc7+ Kg6 41. h3 Bd8 42. Rc6+ Bf6 43. Rd6 Kf7 44. Rd5 Be7 45. Rb5 Kg6 46. Ra5 Bf6 47.
Ra6 h4 48. g4 Kf7 49. gxf5 Be7 50. Kg4 Bf8 51. Rg6 Be7 52. Rh6 Bf6 53. Rxh4 Bxh4 54. Kxh4 Kf6 55. Kg4 Kf7 56. Kg5 Kg7 57.
f6+ Kf7 58. Kf5 Ke8 59. Ke6 Kf8 60. f7 Kg7 61. Ke7 Kh6 62. f8=Q+ Kh5 63. Qh8+ Kg6 64. Qf6+ Kh5 65. Qg5# 1-0

[Event "Late-Titled-Tuesday-Blitz-August-29-2023"]
[Site "Chess.com"]
[Date "2023.08.29"]
[Round "1"]
[White "sergiochess83"]
[Black "jup1978"]
[Result "1-0"]
[WhiteElo "2954"]
[BlackElo "2499"]
[TimeControl "180+1"]
[EndTime "14:07:51 PDT"]
[Termination "sergiochess83 won by resignation"]

1. d4 d5 2. c4 c6 3. Nf3 Nf6 4. Nc3 a6 5. Ne5 e6 6. Bf4 Nbd7 7.
e3 Nxe5 8. Bxe5 Bd6 9. Bxd6 Qxd6 10. c5 Qc7 11. f4 b6 12. Na4 Nd7 13. cxb6 Nxb6 14.
Rc1 O-O 15. Bd3 Bd7 16. Nc5 a5 17. O-O Bc8 18. Qc2 g6 19. b3 Nd7 20. Rf2 Nxc5 21. Qxc5 Bd7 22. Rfc2 Rfb8 23. Rc3 Qb6 24. Qxb6 Rxb6 25.
a3 Kf8 26. Kf2 Ke7 27. g4 Rab8 28. Bc2 Kd6 29. Bd1 Rc8 30. g5 Rb5 31. Be2 Rb6 32.
h4 Rcb8 33. Bd1 h6 34. Kg3 hxg5 35. hxg5 Rh8 36. Kg2 Rhb8 37. Rc5 Rb5 38. Kf2 Rxc5 39. Rxc5 Rb5 40. Rc1 Rb8 41. Rc3 Bc8 42. Be2 Rb6 43. Ke1 Ba6 44. Bxa6 Rxa6 45. Kd2 Rb6 46. Kc2 Rb5 47.
a4 Rb6 48. Rc5 Ra6 49. Kc3 Kc7 50. Kb2 Kb6 51. Rc1 Ra8 52. Rh1 Rc8 53. Rh7 Rc7 54.
Rh8 c5 55. Rb8+ Ka6 56. Ra8+ Kb6 57. Rb8+ Ka7 58. Rb5 cxd4 59. Rxa5+ Kb6 60. Rb5+ Kc6 61. exd4 Rc8 62. Rc5+ Kb7 63. Rxc8 Kxc8 64. b4 Kb7 65.
b5 Kb6 66. Ka3 Ka5 67. Kb3 Kb6 68. Kb4 Kb7 69. a5 Ka7 70. Kc5 Kb7 71. Kd6 1-0

[Event "Late-Titled-Tuesday-Blitz-August-29-2023"]
[Site "Chess.com"]
[Date "2023.08.29"]
[Round "1"]
[White "SchmakAttack"]
[Black "Murtazin_Ruslan"]
[Result "1-0"]
[WhiteElo "2776"]
[BlackElo "2432"]
[TimeControl "180+1"]
[EndTime "14:07:51 PDT"]
[Termination "SchmakAttack won on time"]

1. d4 Nf6 2. c4 c5 3. d5 e6 4. Nc3 exd5 5. cxd5 d6 6. Nf3 g6 7. Bf4 a6 8. a4 Bg7 9. h3 O-O 10. e3 Qe7 11. Be2 Nbd7 12. O-O Rb8 13. Nd2 Ne5 14. Bh2 Ne8 15. e4 Nc7 16. a5 b5 17. axb6 Rxb6 18. f4 Nd7 19. Nc4 Rb4 20. e5 Ne8 21. Ne4 dxe5 22. f5 Nef6 23. d6 Qe8 24. Nc3 Nb6 25. Ne3 Rxb2 26. Bxa6 Nfd7 27. Bxc8 Qxc8 28. Ncd5 Nxd5 29.
Nxd5 Qb7 30. f6 Bh6 31. Qf3 Kh8 32. Kh1 Rd2 33. Rad1 Rxd1 34. Rxd1 Ra8 35. Qg4 Bf8 36.
Ne7 Ra2 37. Qg3 Bh6 38. Re1 Bf8 39. Qg4 Nxf6 40. Qg3 Nd7 41. Qg4 Bg7 42. Qg3 f5 43. Rf1 e4 44. Qe3 Bd4 45. Qh6 1-0

[Event "Late-Titled-Tuesday-Blitz-August-29-2023"]
[Site "Chess.com"]
[Date "2023.08.29"]
[Round "1"]
[White "rachidhuilda"]
[Black "Grebeniuk-S"]
[Result "1-0"]
[WhiteElo "2349"]
[BlackElo "2618"]
[TimeControl "180+1"]
[EndTime "14:07:51 PDT"]
[Termination "rachidhuilda won by resignation"]

1. d4 f5 2. g3 Nf6 3. Bg2 g6 4.
Nh3 d6 5. O-O Bg7 6. d5 O-O 7.
Nf4 c6 8. c4 Bd7 9. Nc3 Na6 10.
Qc2 Rc8 11. dxc6 bxc6 12. b3 g5 13. Nd3 e5 14. Rd1 e4 15. Ne1 Qe7 16. Bxg5 Be6 17. f3 d5 18. fxe4 fxe4 19. e3 h6 20. Bh4 Qf7 21.
h3 Qg6 22. Rac1 Nh5 23. Kh2 Be5 24. Ne2 Rf2 25. Nf4 Nxf4 26. Qxf2 Nxg2 27. Nxg2 Rf8 28. Nf4 Qf5 29. Qg2 Nb4 30. Rf1 Bxf4 31. gxf4+ Kh7 32.
Rg1 Qf7 33. cxd5 Bxd5 34. Qg4 Nd3 35. Rc2 a5 36. Rcg2 Rg8 37. Qxg8+ Qxg8 38. Rxg8 Bxg8 39. Bf6 Bd5 40. Rg7+ Kh8 41. Ra7+ Kg8 42. Rxa5 Kf7 43. Bd4 Ke6 44. Kg3 Nb4 45. Kg4 Kd6 46. f5 Nd3 47.
Kh5 c5 48. Bc3 Nf2 49. h4 Nd1 50. Bd2 Nf2 51. Kg6 c4 52. Rxd5+ Kxd5 53. bxc4+ Kxc4 54. f6 Ng4 55. f7 Ne5+ 56. Kf6 Nxf7 57. Kxf7 Kd3 58.
Bc1 Kc2 59. Ba3 Kb1 60. Bc5 Kxa2 61. Kg6 Kb3 62. Kxh6 Kc4 63. Bd4 Kd5 64. Kg7 Ke6 65. h5 Kf5 66. h6 Kg4 67. h7 Kf3 68. h8=Q Ke2 69. Qh4 Kd3 70. Qg4 1-0

[Event "Late-Titled-Tuesday-Blitz-August-29-2023"]
[Site "Chess.com"]
[Date "2023.08.29"]
[Round "1"]
[White "stasOR4ik"]
[Black "Mikhail_Bryakin"]
[Result "0-1"]
[WhiteElo "2446"]
[BlackElo "2828"]
[TimeControl "180+1"]
[EndTime "14:07:52 PDT"]
[Termination "Mikhail_Bryakin won by checkmate"]

1. c4 Nf6 2. Nc3 g6 3. g3 Bg7 4. Bg2 O-O 5. e4 e5 6. Nge2 c6 7. O-O Na6 8. f4 d6 9. d4 exd4 10. Nxd4 Re8 11. Kh1 Nc5 12. Re1 a5 13. Nb3 Ne6 14.
Be3 a4 15. Nd4 Nc5 16. Bg1 h5 17. e5 dxe5 18. fxe5 Ng4 19. Nxc6 Qxd1 20. Raxd1 Nd7 21. e6 fxe6 22. Nd4 Nf8 23. Ndb5 Re7 24. h3 Nh6 25. Bc5 Rd7 26. Bxf8 Bxf8 27. Rxd7 Bxd7 28. Bxb7 Rb8 29. Be4 Nf5 30. Bxf5 gxf5 31. Nxa4 Bxb5 32. cxb5 Rxb5 33. Rxe6 Kf7 34. Re2 Bd6 35. Kg2 h4 36. gxh4 Rd5 37. Nc3 Rd3 38. Rf2 Rg3+ 39. Kf1 Ke6 40. Re2+ Kd7 41.
Rf2 Ke6 42. Nb5 Be5 43. Re2 Rxh3 44. a4 Rxh4 45. b3 Kd5 46. Rd2+ Ke4 47. Re2+ Kf4 48. Rf2+ Kg5 49. Rg2+ Kf6 50. a5 Rb4 51. Na3 Rxb3 52.
Nc4 Bd4 53. Rd2 Bc5 54. Ke2 Ke6 55. Rc2 Rb4 56. Nd2 Kd5 57. Nf3 Ra4 58. Ne1 Rxa5 59. Nd3 Bd4 60. Nf4+ Ke4 61. Nd3 Ra3 62. Nf2+ Kd5 63.
Rc8 Re3+ 64. Kd2 Ra3 65. Rd8+ Kc4 66. Nd1 Ra2+ 67. Ke1 Kd3 68. Re8 Rg2 69. Re2 Rg1# 0-1

[Event "Late-Titled-Tuesday-Blitz-August-29-2023"]
[Site "Chess.com"]
[Date "2023.08.29"]
[Round "1"]
[White "imdarealist"]
[Black "SRob2003"]
[Result "0-1"]
[WhiteElo "2331"]
[BlackElo "2639"]
[TimeControl "180+1"]
[EndTime "14:07:54 PDT"]
[Termination "SRob2003 won on time"]

1. d4 Nf6 2. Bf4 d5 3. e3 c5 4.
c3 Nc6 5. Nd2 cxd4 6. exd4 Bf5 7. Qb3 Qc8 8. Ngf3 e6 9. Be2 Be7 10. h3 O-O 11. O-O a6 12. a4 Na5 13. Qd1 Ne4 14.
Nxe4 Bxe4 15. Nd2 Bg6 16. Re1 Qd7 17. Nb3 Nc4 18. Bxc4 dxc4 19. Nd2 Rac8 20. a5 Rfd8 21. Qa4 Qd5 22. Re5 Qc6 23. Re3 Rd5 24. Nf3 Bf6 25. Ne5 Bxe5 26. Rxe5 Rxe5 27. Bxe5 f6 28. Bg3 Qd5 29. Qb4 Kf7 30. Re1 Be4 31. f3 Bf5 32. Qb6 h5 33. h4 Kg6 34. Kh2 Qd7 35. Bf4 Rc6 36. Qb4 Qd5 37. Ra1 Rc8 38. Re1 Rd8 39.
Bc7 Rd7 40. Bb6 Qc6 41. Bc5 Kf7 42. Qxc4 Rd5 43. Qb4 Bd3 44. c4 Rd7 45. Qc3 Bf5 46.
b3 Qc7+ 47. g3 g5 48. hxg5 h4 49. f4 fxg5 50. Rf1 Kg6 51. Qe3 Rh7 52. gxh4 Rxh4+ 53. Kg1 Rg4+ 54. Kh1 gxf4 0-1

[Event "Late-Titled-Tuesday-Blitz-August-29-2023"]
[Site "Chess.com"]
[Date "2023.08.29"]
[Round "1"]
[White "miraitrunks"]
[Black "vladgoncharov"]
[Result "1-0"]
[WhiteElo "2014"]
[BlackElo "2517"]
[TimeControl "180+1"]
[EndTime "14:07:56 PDT"]
[Termination "miraitrunks won on time"]

1. e4 e6 2. Nc3 d5 3. Nf3 Nf6 4. e5 Nfd7 5. d4 c5 6. dxc5 Nc6 7. Bf4 Bxc5 8. Bd3 h6 9. O-O g5 10. Bg3 g4 11. Nd2 Ndxe5 12. Re1 Nxd3 13. cxd3 h5 14. Nb3 Bd6 15. Rc1 Bxg3 16. fxg3 O-O 17. h3 Qg5 18. h4 Qg7 19. Nb5 Bd7 20. Nc5 Be8 21. Nxb7 Rb8 22.
N5d6 Nd4 23. b3 Bc6 24. Na5 Rb6 25. Rc5 a6 26. Nxc6 Nxc6 27. Kh2 Nd4 28. Nc8 Rb7 29. Nd6 Rd7 30. Nc8 Nf5 31. Nb6 Rb7 32. Na4 Qd4 33. Qc2 Rb4 34. Qc3 Qf2 35. Qxb4 Qxg3+ 36. Kg1 Nxh4 37. Re2 Nf3+ 38. Kf1 Nh2+ 39. Kg1 Nf3+ 40. Kf1 Qh2 41. gxf3 Qh1+ 42. Kf2 gxf3 43. Ke3 Qg2 44. Rxg2+ fxg2 45. Kf2 1-0

[Event "Late-Titled-Tuesday-Blitz-August-29-2023"]
[Site "Chess.com"]
[Date "2023.08.29"]
[Round "1"]
[White "Sjakkerntobi"]
[Black "Iball95"]
[Result "1/2-1/2"]
[WhiteElo "2445"]
[BlackElo "2772"]
[TimeControl "180+1"]
[EndTime "14:07:57 PDT"]
[Termination "Game drawn by repetition"]

1. e4 c5 2. Nf3 e6 3. d4 cxd4 4. Nxd4 Nf6 5. Nc3 Nc6 6. a3 Be7 7. Nxc6 dxc6 8. Qxd8+ Bxd8 9. f3 e5 10. Be3 Be6 11. O-O-O Bb6 12. Bxb6 axb6 13. Bd3 Ke7 14. Rd2 b5 15. Kb1 Ra5 16. Rhd1 Rha8 17. Na2 Bxa2+ 18. Kxa2 b4 19. g4 h6 20. h4 bxa3 21. b4 R5a7 22. Bc4 b5 23. Bb3 g5 24. h5 Rd7 25. Rxd7+ Nxd7 26. Bxf7 Rf8 27. Bg6 Rxf3 28. Bf5 Nb6 29. Rd3 Rf2 30. Rxa3 Na4 31. Kb1 Rf1+ 32. Ka2 Rc1 33. Rd3 Rxc2+ 34. Kb3 Rb2+ 35. Ka3 Rf2 36. Rd7+ Kf8 37.
Rh7 Rf3+ 38. Ka2 c5 39. bxc5 Nxc5 40. Rxh6 b4 41. Rc6 Rf2+ 42. Kb1 Nd3 43. Rd6 Rd2 44. Rb6 Rb2+ 45. Ka1 b3 46. h6 Ra2+ 47. Kb1 Rb2+ 48. Ka1 Ra2+ 49. Kb1 Rb2+ 50. Ka1 1/2-1/2

[Event "Late-Titled-Tuesday-Blitz-August-29-2023"]
[Site "Chess.com"]
[Date "2023.08.29"]
[Round "1"]
[White "BlackBoarder"]
[Black "Jahonas"]
[Result "1/2-1/2"]
[WhiteElo "2737"]
[BlackElo "2437"]
[TimeControl "180+1"]
[EndTime "14:07:57 PDT"]
[Termination "Game drawn - insufficient material"]

1. e4 c6 2. Nf3 d5 3. Nc3 e6 4. d4 dxe4 5. Nxe4 Nd7 6. Bc4 Ngf6 7. Qe2 Nxe4 8. Qxe4 Nf6 9. Qe2 Bd6 10. O-O O-O 11. Bg5 h6 12. Bh4 Be7 13. Rad1 Nd5 14. Bg3 b6 15.
Rfe1 Bb7 16. Ne5 Bf6 17. Bd3 g6 18. Qe4 Ne7 19. Bc4 Kg7 20. Ng4 Nf5 21. Nxf6 Nxg3 22. hxg3 Qxf6 23. Re3 Qf5 24. Qxf5 gxf5 25. f4 Rad8 26.
Kf2 Rd6 27. c3 c5 28. Red3 Rfd8 29. dxc5 Rxd3 30. Rxd3 Rxd3 31. Bxd3 bxc5 32. Be2 Bd5 33. a3 Kf6 34. Bf3 Bb3 35. Ke3 Ke7 36. Bh5 f6 37. Bg6 Kd6 38. Bh5 a5 39. Bf3 e5 40.
g4 fxg4 41. Bxg4 Bd5 42. g3 Bb3 43. Bf5 Bd5 44. Be4 Be6 45. b4 cxb4 46. cxb4 axb4 47. axb4 Bd7 48. Bd3 f5 49. b5 e4 50. Be2 Kc5 51. b6 Kxb6 52. Kd4 Kc7 53. Ke5 Kb6 54. Kd6 Bc8 55. Ke5 Kc5 56. g4 fxg4 57. Kxe4 Kd6 58. f5 Ke7 59. Bxg4 Kf6 60. Kf4 Bxf5 61. Bxf5 h5 62. Bg4 h4 63. Bh3 Kg6 64. Kg4 Kh6 65.
Kxh4 1/2-1/2

[Event "Late-Titled-Tuesday-Blitz-August-29-2023"]
[Site "Chess.com"]
[Date "2023.08.29"]
[Round "1"]
[White "Fandorine"]
[Black "Der_Honigdachs"]
[Result "1-0"]
[WhiteElo "2934"]
[BlackElo "2492"]
[TimeControl "180+1"]
[EndTime "14:07:58 PDT"]
[Termination "Fandorine won on time"]

1. Nf3 Nf6 2. c4 b6 3. g3 Bb7 4.
Bg2 e6 5. O-O Be7 6. Nc3 O-O 7.
Re1 c5 8. e4 d6 9. d4 cxd4 10.
Nxd4 Nbd7 11. b3 Qc8 12. Bb2 a6 13. Rc1 Re8 14. g4 Ne5 15. g5 Nfd7 16. h4 Ng6 17.
Qg4 Nde5 18. Qg3 h6 19. h5 Bxg5 20. hxg6 Bxc1 21. gxf7+ Nxf7 22. Bxc1 Qc5 23. Be3 Qa5 24.
Rc1 Rac8 25. a4 Qe5 26. Qxe5 Nxe5 27. Rd1 Ng4 28. Bc1 Nf6 29. Nde2 Red8 30. Be3 b5 31.
axb5 axb5 32. Nxb5 Nxe4 33. Ng3 d5 34. Nxe4 dxe4 35.
Nd6 Rc6 36. c5 Rc7 37. b4 Bd5 38. b5 Rb8 39. b6 Rc6 40. Nxe4 Kf8 41. Bf4 Rb7 42.
Nd6 Rd7 43. Bxd5 exd5 44. b7 Rd8 45. Rxd5 Rc7 46. Nb5 1-0

[Event "Late-Titled-Tuesday-Blitz-August-29-2023"]
[Site "Chess.com"]
[Date "2023.08.29"]
[Round "1"]
[White "PepeCuenca"]
[Black "effefe"]
[Result "1-0"]
[WhiteElo "2732"]
[BlackElo "2421"]
[TimeControl "180+1"]
[EndTime "14:08:00 PDT"]
[Termination "PepeCuenca won by resignation"]

1. c4 Nf6 2. Nc3 g6 3. e4 d6 4. d4 Bg7 5. h3 O-O 6. Be3 e5 7.
d5 c6 8. Nf3 cxd5 9. cxd5 Nbd7 10. Nd2 a5 11. a3 Nc5 12. Rb1 a4 13. Bxc5 dxc5 14. Nxa4 Qa5 15. Nc3 Bd7 16. Nc4 Qa7 17. Be2 Rfe8 18. O-O Bf8 19. f4 b5 20. fxe5 bxc4 21.
exf6 Bh6 22. Bxc4 Be3+ 23. Kh1 Qc7 24. Qf3 Bh6 25. Bb5 Bxb5 26. Nxb5 Qe5 27. Nc3 Rab8 28. Qf2 Rbc8 29. Rbd1 c4 30. d6 Red8 31. Qd4 Qe6 32.
Qd5 Qd7 33. e5 Bf8 34. Ne4 Re8 35. Nc5 Rxc5 36. Qxc5 Qe6 37. Qd5 Qd7 38. Rfe1 Rc8 39. e6 fxe6 40. Qxe6+ Qxe6 41. Rxe6 Rd8 42. d7 Kf7 43.
Re8 Rxe8 44. dxe8=Q+ Kxe8 45. Rc1 c3 46. Rxc3 Kf7 47.
Rf3 Bc5 48. b4 Bd4 49. b5 g5 50. a4 h5 51. a5 g4 52. hxg4 hxg4 53. Rf4 Be3 54. Rxg4 Kxf6 55. Re4 Bd2 56. a6 Ba5 57. a7 Bb6 58. a8=Q Kf5 59. Qd5+ 1-0

[Event "Late-Titled-Tuesday-Blitz-August-29-2023"]
[Site "Chess.com"]
[Date "2023.08.29"]
[Round "1"]
[White "Road2GM3000"]
[Black "vi_pranav"]
[Result "0-1"]
[WhiteElo "2499"]
[BlackElo "2955"]
[TimeControl "180+1"]
[EndTime "14:08:04 PDT"]
[Termination "vi_pranav won on time"]

1. d4 Nf6 2. c4 e6 3. Nc3 Bb4 4.
Nf3 O-O 5. Bg5 d6 6. e3 Nbd7 7. Bd3 b6 8. Qc2 Bb7 9. Bxh7+ Kh8 10. Bd3 e5 11. dxe5 dxe5 12. Be2 Qe7 13. O-O Qe6 14. h3 Bxc3 15. Qxc3 Ne4 16. Qc2 a5 17. Bh4 Ndc5 18. Ng5 Qg6 19. Nf3 f6 20. Rad1 Rad8 21. Rxd8 Rxd8 22. Rd1 Re8 23. b3 Qh6 24. a3 Nd6 25.
b4 axb4 26. axb4 Be4 27. Qc1 Ne6 28. c5 bxc5 29. bxc5 Nf5 30. Bg3 Nxg3 31. fxg3 Rb8 32. Kh2 Nf8 33. Bd3 Bxd3 34. Rxd3 e4 35. Rd4 Re8 36.
Nh4 Qh7 37. Qd1 g5 38. Rd8 Rxd8 39. Qxd8 Kg8 40. Qd5+ Qf7 41. Qxf7+ Kxf7 42. Nf5 Nd7 43. c6 Ne5 44. g4 Nxc6 45. Ng3 Ne5 46. Nxe4 Nc4 47. h4 gxh4 48. Kh3 Nxe3 49. Kxh4 Nxg2+ 50. Kg3 Ne3 51. Kf4 Nd5+ 52. Kf5 Ne7+ 53. Kf4 Ke6 54. g5 Ng6+ 55. Ke3 f5 56. Nc5+ Kd5 57. Nd7 c5 58. Nf6+ Ke6 59. Nh5 Ke5 0-1

[Event "Late-Titled-Tuesday-Blitz-August-29-2023"]
[Site "Chess.com"]
[Date "2023.08.29"]
[Round "1"]
[White "Roedor"]
[Black "KaydenTroffChess"]
[Result "0-1"]
[WhiteElo "2436"]
[BlackElo "2775"]
[TimeControl "180+1"]
[EndTime "14:08:08 PDT"]
[Termination "KaydenTroffChess won on time"]

1. d4 Nf6 2. c4 g6 3. g3 c6 4. Bg2 d5 5. Qa4 dxc4 6. Qxc4 Bg7 7. Nf3 O-O 8. O-O Bf5 9. Nc3 Nbd7 10. Qb3 Qb6 11. Bf4 Rfc8 12. Rfc1 Be6 13. Qxb6 axb6 14. e4 Ra5 15. Ng5 Nf8 16. Nxe6 Nxe6 17. Be3 Ng4 18.
Nd5 Re8 19. Nxb6 Nxd4 20. Bf1 Nf3+ 21. Kg2 Nxe3+ 22. fxe3 Nd2 23. Nc4 Nxc4 24. Rxc4 Bxb2 25. Rb1 Be5 26. Rxb7 Rxa2+ 27. Kf3 Rxh2 28. Rxc6 Rh1 29. Bc4 Rg1 30. Rc5 Rxg3+ 31. Kf2 Bd6 32. Rc6 Rg5 33.
Bxf7+ Kxf7 34. Rxd6 h5 35. Kf3 h4 36. Rd2 Rh8 37.
Rh2 Rg3+ 38. Kf4 g5+ 39. Ke5 Rh6 40. Rf2+ Kg6 41. Rxe7 Kh5 42. Rg7 h3 43. Kf5 Kh4 44. e5 g4 45. e6 Rh5+ 46. Ke4 Rg2 47. Rf1 h2 48. e7 Rg1 49. Rxg1 hxg1=Q 50. e8=Q Qg2+ 51.
Kd4 Rd5+ 52. Kc4 Kg3 53. Qb8+ Kf2 54. Qb7 Rd2 0-1